 Dungeon Crawl Stone Soup version 0.28.0-49-g6dfe1f597d (webtiles) character file.

Game seed: 15974219814908852278

172 Atelerd the Digger (level 5, -1/46 HPs)
             Began as an Octopode Earth Elementalist on May 15, 2022.
             Slain by an ogre
             ... wielding a +0 giant club
              (10 damage)
             ... on level 4 of the Dungeon.
             The game lasted 00:02:54 (3838 turns).

Atelerd the Digger (Octopode Earth Elementalist)    Turns: 3838, Time: 00:02:54

Health: -1/46      AC: 22    Str:  7    XL:     5   Next: 53%
Magic:  6/9        EV:  2    Int: 20    God:
Gold:   10         SH:  0    Dex: 12    Spells: 3/10 levels left

rFire   . . .      SeeInvis .   f - +0 dagger
rCold   . . .      Faith    .   (no shield)
rNeg    . . .      Spirit   .   (helmet currently unavailable)
rPois   +          Reflect  .   (no amulet)
rElec   .          Harm     .   (no ring)
rCorr   .          Rampage  .   (no ring)
Will    .....      NoTele   +   (no ring)
Stlth   ++........              (no ring)
HPRegen 0.15/turn               (no ring)
MPRegen 0.11/turn               (no ring)
                                (no ring)
                                (no ring)

@: tree-form
A: stationary, stasis, torment immunity, boosted hp, almost no armour,
(amphibious), 8 rings, (camouflage 1), (gelatinous body 1), (nimble swimmer 1),
(tentacles)
a: no special abilities


You were on level 4 of the Dungeon.
You were a tree.
You visited 1 branch of the dungeon, and saw 4 of its levels.

You collected 100 gold pieces.
You spent 90 gold pieces at shops.

Inventory:

Hand Weapons
 f - a +0 dagger (weapon)
Missiles
 d - a throwing net
Jewellery
 n - an amulet of faith
Scrolls
 a - a scroll of noise {unknown}
 c - a scroll of magic mapping {unknown}
 e - a scroll of enchant armour {unknown}
 h - a scroll of identify {unknown}
 i - a scroll of blinking {unknown}
 k - a scroll of fog {unknown}
 l - a scroll of enchant weapon {unknown}
Potions
 g - a potion of curing
 m - a potion of resistance {unknown}
 o - a potion of might {unknown}
 p - a potion of flight {unknown}
 q - a potion of invisibility {unknown}
 r - a potion of attraction {unknown}


   Skills:
 - Level 2.0 Dodging
 - Level 2.6 Stealth
 + Level 3.2 Spellcasting
 + Level 2.8 Transmutations
 + Level 4.4 Earth Magic


You had 3 spell levels left.
You knew the following spells:

 Your Spells              Type           Power      Damage    Failure   Level
a - Sandblast             Erth           42%        2d11      2%          1
c - Blink                 Tloc           6%         N/A       22%         2
p - Petrify               Tmut/Erth      17%        N/A       30%         4

Your spell library contained the following spells:

 Spells                   Type           Power      Damage    Failure   Level
 Passwall                 Tmut/Erth      14%        N/A       4%          2
 Stone Arrow              Conj/Erth      24%        3d8       17%         3
 Sublimation of Blood     Necr           3%         N/A       22%         2
 Inner Flame              Hex/Fire       3%         N/A       38%         3
 Lesser Beckoning         Tloc           3%         N/A       38%         3
 Cause Fear               Hex            1%         N/A       80%         4
 Irradiate                Conj/Tmut      4%         3d14      91%         5
 Manifold Assault         Tloc           3%         N/A       98%         5
 Discord                  Hex            1%         N/A       100%        8


Dungeon Overview and Level Annotations

Branches:
Dungeon (4/15)
 Temple: D:4-7

Altars:
Okawaru
Zin

Annotations:
D:2 Terence


Innate Abilities, Weirdness & Mutations

You are a tree.
Your roots penetrate the ground, keeping you stationary.
You cannot be teleported.
You are immune to unholy pain and torment.
Your maximum health is greatly increased.
You cannot wear most types of armour.
((You are amphibious.))
You can wear up to eight rings at the same time.
((Your skin changes colour to match your surroundings (Stealth+).))
((Your rubbery body absorbs attacks. (AC +1, EV +1)))
((You are camouflaged when in or above water. (Stealth+)))
((You have tentacles for arms and can constrict up to eight enemies at once.))


Message History

* * * LOW HITPOINT WARNING * * *
The helpless ogre fails to defend itself.
You hit the ogre.
The ogre is moderately wounded.
The gnoll completely misses you. The endoplasm freezes you.
You are frozen.
* * * LOW HITPOINT WARNING * * *
You feel better. The gnoll hits you but does no damage.
The endoplasm hits you but does no damage.
The helpless ogre fails to defend itself.
You puncture the ogre!
The ogre is moderately wounded.
The gnoll completely misses you.
The endoplasm hits you but does no damage.
The helpless ogre fails to defend itself.
You puncture the ogre!
The ogre is heavily wounded.
The gnoll hits you but does no damage. The endoplasm freezes you.
You are frozen.
* * * LOW HITPOINT WARNING * * *
The helpless ogre fails to defend itself.
You hit the ogre.
The ogre is heavily wounded.
The gnoll hits you but does no damage.
The endoplasm hits you but does no damage.
Unknown command.
The helpless ogre fails to defend itself.
You puncture the ogre!
The ogre is severely wounded.
The ogre is no longer petrified.
The gnoll hits you but does no damage. The ogre hits you with a +0 giant club.
* * * LOW HITPOINT WARNING * * *
The endoplasm freezes you.
You are frozen.
* * * LOW HITPOINT WARNING * * *
You feel better. The gnoll completely misses you.
The ogre hits you with a +0 giant club!
You die...

....##
#..###...........
.>##
##..###..........
###.####.........
####....#####.......
###........# ####....
#..........## ##.....
#....g..##..#
##....##
#....OJ###..###....##
##..>♣.#
##..#......## #....##
##.........# ##..##
##..........# #.#
##............ ##
#.............
#........).....
#..............
#...............
................


You could see an ogre, a gnoll and an endoplasm.

Vanquished Creatures
  2 orc wizards (D:3)
  3 gnolls
  3 adders
  A dart slug (D:3)
  3 orcs (D:3)
  5 bats
  5 endoplasms
  3 giant cockroaches
  6 goblins
  9 hobgoblins
  4 quokkas
  2 ball pythons
  4 frilled lizards
  4 kobolds
  8 rats
62 creatures vanquished.

Notes
Turn   | Place    | Note
-------+----------+-------------------------------------------
     0 | D:1      | Atelerd the Octopode Earth Elementalist began the quest for
                  | the Orb.
     0 | D:1      | Reached XP level 1. HP: 11/11 MP: 3/3
   237 | D:1      | Reached XP level 2. HP: 17/17 MP: 1/5
   710 | D:1      | Reached XP level 3. HP: 21/21 MP: 4/6
  2039 | D:2      | Learned a level 2 spell: Blink
  2041 | D:2      | Noticed Terence
  2303 | D:3      | Reached XP level 4. HP: 27/27 MP: 7/7
  2371 | D:3      | Found a faded altar of an unknown god.
  2610 | D:3      | Reached skill level 4 in Earth Magic
  2625 | D:3      | Learned a level 4 spell: Petrify
  2647 | D:3      | Reached XP level 5. HP: 29/31 MP: 3/9
  2807 | D:3      | Found Zin's Purification Station.
  2809 | D:3      | Found a glowing silver altar of Zin.
  2815 | D:3      | Bought a potion of curing for 90 gold pieces
  2910 | D:3      | Found an iron altar of Okawaru.
  3808 | D:4      | Noticed an ogre
  3837 | D:4      | HP: 1/46 [frozen (5)]
  3838 | D:4      | Slain by an ogre

Illustrated notes

Levels and vault maps discovered:
D:1:      lemuel_arrival_lava_pool, layout_basic
D:2:      layout_loops_corners, uniq_terence
D:3:      layout_loops_ring, mainiacjoe_overflow_alcove_4, zin_purify,
          basic_ecumenical_altar
D:4:      layout_cave_pods, xom_teletrap_fun, mainiacjoe_overflow_divided_tiny,
          nicolae_gozag_zags_fifth_avenue, uniq_sigmund

Skill      XL: |  1  2  3  4 |
---------------+-------------+-----
Transmutations | 2 |  2.8
Earth Magic    | 4 |  4.4
Spellcasting   | 3 |  3.2
Dodging        | |  2.0
Stealth        | |  2.6

Action                   |  1- 3 |  4- 6 || total
-------------------------+-------+-------++-------
Melee: Unarmed           |    13 |       ||    13
       Constrict         |    18 |    10 ||    28
       Tentacles         |    14 |    11 ||    25
       Dagger            |    38 |    55 ||    93
 Cast: Sandblast         |    36 |    14 ||    50
       Petrify           |       |     1 ||     1
  Use: Potion            |       |     3 ||     3
 Stab: Sleeping          |     7 |     5 ||    12
       Petrified         |       |     6 ||     6
Armor: Skin              |     9 |    17 ||    26
Dodge: Dodged            |    38 |    40 ||    78
